 Dungeon Crawl Stone Soup version 0.20-a0-263-g81abdfb (webtiles) character file.

112 bobob the Slasher (level 4, -3/33 HPs)
             Began as a Demonspawn Gladiator on Dec 5, 2016.
             Slain by an orc
             ... wielding a +0 trident
              (4 damage)
             ... on level 3 of the Dungeon.
             The game lasted 00:03:44 (2223 turns).

bobob the Slasher (Demonspawn Gladiator)            Turns: 2223, Time: 00:03:45

Health: -3/33      AC: 12    Str: 16    XL:     4   Next: 64%
Magic:  0/4        EV:  7    Int:  9    God:
Gold:   147        SH:  0    Dex: 14    Spells: 3/3 levels left

rFire  . . .     SeeInvis .     a - +0 long sword
rCold  . . .     Gourm    .     o - +0 chain mail
rNeg   . . .     Faith    .     (no shield)
rPois  +         Spirit   +     c - +0 helmet
rElec  .         Reflect  .     (no cloak)
rCorr  .         Harm     .     (no gloves)
MR     .....                    (no boots)
Stlth  ..........               (no amulet)
                                (no ring)
                                n - ring of poison resistance

@: no status effects
A: slimy green scales 2, magic shield
a: no special abilities


You were on level 3 of the Dungeon.
You were not hungry.

You visited 1 branch of the dungeon, and saw 3 of its levels.

You collected 147 gold pieces.

Inventory:

Hand Weapons
 a - a +0 long sword (weapon)
Missiles
 d - 3 throwing nets (quivered)
 s - 3 tomahawks
Armour
 b - a +0 leather armour
 c - a +0 helmet (worn)
 o - a +0 chain mail (worn)
Jewellery
 n - a ring of poison resistance (left hand)
Scrolls
 h - a scroll of immolation {unknown}
 k - 4 scrolls of recharging {unknown}
 l - a scroll of identify {unknown}
 p - 2 scrolls of remove curse {unknown}
Potions
 e - 2 potions of curing {unknown}
 g - 3 potions of lignification {unknown}
 j - a potion of cure mutation {unknown}
 q - a potion of haste {unknown}
 r - a potion of flight {unknown}
 u - a potion of heal wounds {unknown}
Comestibles
 f - 2 bread rations
 i - 2 beef jerkies
 m - a meat ration
 t - a chunk of flesh


   Skills:
 - Level 2.0 Fighting
 + Level 5.0 Long Blades
 - Level 1.7 Throwing
 - Level 2.6 Dodging


You had 3 spell levels left.
You didn't know any spells.

Dungeon Overview and Level Annotations

Branches:
Dungeon (3/15)

Altars:


Innate Abilities, Weirdness & Mutations

You are mostly covered in slimy green scales. (AC +3)
When hurt, damage is shared between your health and your magic reserves.


Message History

The orc hits you but does no damage.
The orc priest hits you with a mace of protection.
* * * LOW HITPOINT WARNING * * *
The frilled lizard barely misses you. The orc barely misses you.
Unknown command.
Your chain mail prevents you from hitting the orc priest.
The orc priest is almost dead.
The orc closely misses you.
The frilled lizard bites you but does no damage.
The orc priest hits you but does no damage.
The orc hits you but does no damage.
Your chain mail prevents you from hitting the orc priest.
The orc priest is almost dead.
The orc hits you but does no damage.
The frilled lizard completely misses you.
The orc hits you but does no damage. The orc priest completely misses you.
You hit the orc priest but do no damage.
The orc priest is almost dead.
The orc hits you from afar with a trident.
You die...

[# #........# .#
#........# .###
#........# ...#
#........#####
...###............#
..............###.#
...###..######../.#
...# #..# #....#
...# #..# #.o@.#
†..# #..# #.lo.#
...# #..# #.o..#
.#####..# #.....#
......... .......#
......... .......>#
.########...#(...##
.# .#.#.#### .#


You could see an orc priest, 2 orcs and a frilled lizard.

Vanquished Creatures
  5 adders
  2 oozes
  A worm (D:3)
  6 leopard geckos
  An orc (D:3)
  3 giant cockroaches
  4 goblins
  5 hobgoblins
  10 kobolds
  4 ball pythons
  4 bats
  4 frilled lizards
  5 rats
54 creatures vanquished.

Notes
Turn   | Place    | Note
-------+----------+-------------------------------------------
     0 | D:1      | bobob the Demonspawn Gladiator began the quest for the Orb.
     0 | D:1      | Reached XP level 1. HP: 16/16 MP: 1/1
    23 | D:1      | Reached skill level 3 in Long Blades
    40 | D:1      | Gained mutation: You are partially covered in slimy green scales. (AC +2) [demonic ancestry]
    40 | D:1      | Reached XP level 2. HP: 18/22 MP: 2/2
  1006 | D:1      | Gained mutation: You are mostly covered in slimy green scales. (AC +3) [demonic ancestry]
  1006 | D:1      | Reached XP level 3. HP: 27/27 MP: 3/3
  1290 | D:2      | Reached skill level 4 in Long Blades
  1484 | D:2      | Gained mutation: When hurt, damage is shared between your health and your magic reserves. [demonic ancestry]
  1484 | D:2      | Reached XP level 4. HP: 27/33 MP: 4/4
  2214 | D:3      | Reached skill level 5 in Long Blades
  2220 | D:3      | HP: 1/33 [orc priest/mace of protection (2)]
  2223 | D:3      | Slain by an orc

Vault maps used:
D:1:      onia_arrival_handbag

Skill      XL: |  1  2  3  4 |
---------------+-------------+-----
Long Blades    | 3 4 5 |  5.0
Fighting       | |  2.0
Throwing       | |  1.7
Dodging        | |  2.6

Action                   |  1- 3 |  4- 6 || total
-------------------------+-------+-------++-------
Melee: Long sword        |   151 |    66 ||   217
  Eat: Chunk             |     2 |     3 ||     5
Armor: Leather armour    |    30 |       ||    30
       Chain mail        |    49 |    73 ||   122
Dodge: Dodged            |    94 |    31 ||   125
       Rpst.: Long sword |    36 |     4 ||    40
